 Dungeon Crawl Stone Soup version 0.22-b1-26-g9dbaab1 (webtiles) character file.

618 Doobh the Sneak (level 7, 0/43 HPs)
             Began as a Kobold Assassin on Aug 6, 2018.
             Killed from afar by an orc wizard (6 damage)
             ... with a magic dart
             ... on level 4 of the Dungeon.
             The game lasted 00:12:54 (3597 turns).

Doobh the Sneak (Kobold Assassin)                   Turns: 3597, Time: 00:12:54

Health: 0/43       AC:  5    Str:  5 (8)  XL:     7   Next: 74%
Magic:  7/7        EV: 17    Int: 11 (13) God:
Gold:   232        SH:  0    Dex: 15 (18) Spells: 6/6 levels left

rFire    + . .     SeeInvis .   b - +0 blowgun
rCold    + . .     Gourm    .   (shield restricted)
rNeg     . . .     Faith    .   q - +2 robe {MR+}
rPois    .         Spirit   .   (no helmet)
rElec    .         Reflect  .   d - +0 cloak
rCorr    .         Harm     .   (no gloves)
MR       +....                  (no boots)
Stlth    ++++......             (no amulet)
HPRegen  0.14/turn              h - ring of protection from fire
MPRegen  0.10/turn              s - ring of protection from cold

@: no status effects
A: small, carnivore
a: no special abilities


You were on level 4 of the Dungeon.
You were completely stuffed.

You visited 1 branch of the dungeon, and saw 4 of its levels.

You collected 232 gold pieces.

Inventory:

Hand Weapons
 a - a +2 dagger
 b - a +0 blowgun (weapon)
 j - a +0 dagger of draining
Missiles
 e - 32 poisoned needles (quivered)
 f - a curare-tipped needle
Armour
 d - a +0 cloak (worn)
 q - a +2 robe of magic resistance (worn)
Jewellery
 h - a ring of protection from fire (left hand)
 s - a ring of protection from cold (right hand)
Wands
 c - a wand of flame (35)
Scrolls
 i - a scroll of enchant weapon {unknown}
 k - 2 scrolls of fog
 n - a scroll of blinking {unknown}
 p - a scroll of teleportation {unknown}
 r - a scroll of enchant armour {unknown}
 t - a scroll of magic mapping {unknown}
Potions
 m - a potion of agility
 o - a potion of degeneration
Comestibles
 g - 7 rations
 l - 2 chunks of flesh


   Skills:
 + Level 4.2 Fighting
 + Level 5.3 Short Blades
 + Level 4.3 Throwing
 + Level 4.1 Dodging
 + Level 7.4 Stealth


You had 6 spell levels left.
You didn't know any spells.
Your spell library was empty.

Dungeon Overview and Level Annotations

Branches:
Dungeon (4/15)
 Temple: D:4-7

Altars:
Cheibriados
Fedhas
Kikubaaqudgha
Uskayaw
Wu Jian
The Shining One


Innate Abilities, Weirdness & Mutations

You are small and have problems with some larger weapons.
You are carnivorous and can eat meat at any time.


Message History

Press: ? - help, Shift-Dir - straight line, f/p - orc priest
Aim: an orc priest, wielding a whip and wearing a leather armour (moderately wounded, poisoned)
You shoot a poisoned needle.
The poisoned needle hits the orc priest.
The orc priest is moderately wounded.
The orc priest invokes the aid of Beogh against you.
Beogh smites you! The orc wizard casts a spell at you. The magic dart hits you!
The orc priest calls down the wrath of Beogh upon you.
Beogh smites you!
* * * LOW HITPOINT WARNING * * *
The orc priest looks satisfied for a moment.
You kill the orc priest!
It was a potion of degeneration.
There was something very wrong with that liquid.
You feel weakened.
You feel dopey.
You feel clumsy.
The orc wizard gestures at you while chanting.
The magic dart hits you!
You die...

###.#..# #.#.# #...(...####
....#..# #.#.# #####)#####
#####..# #.#.# #........#
.......# #...# #........#
######.# ##..# ###........#
.. #.######..#
#....##+##### ##
#.........# #...........#
#############o..........#
#. ####......@............#
#. #..+...................#
#.##.##............##'#####
####.##.##............##.#
#.....#.##............##.#
......#.##........#+####.#
......#.##...............#
.............####........#
......######.# #....)...#


You could see an orc wizard.

Vanquished Creatures
  Sigmund (D:2)
  2 ogres (D:4)
  2 orc priests
  A hound (D:4)
  2 worker ants
  9 adders
  An ooze (D:2)
  4 worms
  4 orcs
  2 giant cockroaches
  5 goblins
  4 hobgoblins
  15 kobolds
  2 quokkas (D:2)
  2 ball pythons
  7 bats
  5 frilled lizards
  14 rats
82 creatures vanquished.

Notes
Turn   | Place    | Note
-------+----------+-------------------------------------------
     0 | D:1      | Doobh the Kobold Assassin began the quest for the Orb.
     0 | D:1      | Reached XP level 1. HP: 12/12 MP: 1/1
   327 | D:1      | Reached XP level 2. HP: 17/17 MP: 2/2
   771 | D:2      | Reached XP level 3. HP: 22/22 MP: 3/3
   911 | D:2      | Reached XP level 4. HP: 27/27 MP: 4/4
   922 | D:2      | Reached skill level 6 in Stealth
  1376 | D:2      | Noticed Sigmund
  1378 | D:2      | Killed Sigmund
  1378 | D:2      | Reached XP level 5. HP: 32/32 MP: 5/5
  1378 | D:2      | Reached XP level 6. HP: 37/37 MP: 6/6
  2807 | D:3      | Reached XP level 7. HP: 42/42 MP: 7/7
  2876 | D:3      | Found an ornate altar of the Wu Jian Council.
  2878 | D:3      | Found a blossoming altar of Fedhas.
  3019 | D:3      | Found a snail-covered altar of Cheibriados.
  3112 | D:4      | Reached skill level 5 in Short Blades
  3112 | D:4      | Reached skill level 7 in Stealth
  3314 | D:4      | Found an ancient bone altar of Kikubaaqudgha.
  3316 | D:4      | Found a hide-covered altar of Uskayaw.
  3365 | D:4      | Found a glowing golden altar of the Shining One.
  3597 | D:4      | Killed from afar by an orc wizard

Skill      XL: |  1  2  3  4  5  6  7 |
---------------+----------------------+-----
Short Blades   | 3 4 5 |  5.3
Stealth        | 6 7 |  7.4
Dodging        | 3 4 |  4.1
Fighting       | 3 4 |  4.2
Throwing       | 3 4 |  4.3

Action                   |  1- 3 |  4- 6 |  7- 9 || total
-------------------------+-------+-------+-------++-------
Melee: Dagger            |    47 |   204 |    35 ||   286
 Fire: Blowgun           |     9 |     5 |    17 ||    31
Evoke: Wand              |       |       |     5 ||     5
  Use: Scroll            |       |     5 |       ||     5
       Potion            |       |     3 |     1 ||     4
 Stab: Sleeping          |    10 |    20 |     4 ||    34
       Distracted        |       |     1 |       ||     1
  Eat: Chunk             |     8 |     5 |     4 ||    17
Armor: Robe              |     5 |    27 |     8 ||    40
Dodge: Dodged            |    29 |   108 |    21 ||   158
